 Dungeon Crawl Stone Soup version 0.31.0-12-g77e489cdc1 (webtiles) character file.

Game seed: 12325694697435825474

102 spaghetti the Sneak (level 4, -4/35 HPs)
             Began as a Human Chaos Knight on Mar 2, 2024.
             Was a Plaything of Xom.
             Killed by divine providence
             ... invoked by an orc priest
              (16 damage)
             ... on level 3 of the Dungeon.
             The game lasted 00:02:26 (2022 turns).

spaghetti the Sneak (Human Chaos Knight)            Turns: 2022, Time: 00:02:27

Health: -4/35      AC:  5    Str: 12 (13) XL:     4   Next: 77%
Magic:  4/4        EV: 11    Int:  9 (12) God:    Xom [....*.]
Gold:   47         SH:  4    Dex: 11 (14) Spells: 3/3 levels left

rFire   . . .        a - +0 short sword (chaos)
rCold   . . .        (no shield)
rNeg    . . .        b - +2 leather armour
rPois   +            (helmet restricted)
rElec   .            (no cloak)
rCorr   .            (no gloves)
SInv    .            (no boots)
Will    .....        (no amulet)
Stlth   ++           (no ring)
HPRegen 0.25/turn    (no ring)
MPRegen 0.09/turn

%: no passive effects
@: no status effects
A: explore regen, antennae 1, large bone plates 1, poison resistance
a: Renounce Religion


You were on level 3 of the Dungeon.
You worshipped Xom.
You were a beloved toy of Xom.
You visited 1 branch of the dungeon, and saw 3 of its levels.

You collected 47 gold pieces.

Inventory:

Hand Weapons
 a - a +0 short sword of chaos (weapon)
Armour
 b - a +2 leather armour (worn)
 h - a +0 helmet
Jewellery
 i - an amulet of regeneration
Scrolls
 c - a scroll of butterflies
 d - a scroll of identify
 e - 3 scrolls of teleportation
 j - 2 scrolls of amnesia
 k - a scroll of vulnerability {unknown}


   Skills:
 - Level 3.0 Fighting
 - Level 3.0 Short Blades
 - Level 2.0 Armour
 - Level 1.0 Dodging
 + Level 4.6 Stealth


You had 3 spell levels left.
You didn't know any spells.
Your spell library contained the following spells:

 Spells                   Type           Power      Damage    Failure   Level
 Summon Forest            Summ/Tloc      0%         N/A       100%        5
 Summon Mana Viper        Hex/Summ       0%         N/A       100%        5
 Summon Cactus Giant      Summ           0%         N/A       100%        6


Dungeon Overview and Level Annotations

Branches:
Dungeon (3/15)

Altars:
Sif Muna


Innate Abilities, Weirdness & Mutations

You regain HP and MP as you explore.
You have a pair of small antennae on your head.
You are partially covered in large bone plates. (SH +4)
Your system is resistant to poisons. (rPois)


Message History

You are too injured to fight recklessly!
You are too injured to fight recklessly!
You are too injured to fight recklessly!
You are too injured to fight recklessly!
You are too injured to fight recklessly!
You are too injured to fight recklessly!
You are too injured to fight recklessly!
You are too injured to fight recklessly!
You are too injured to fight recklessly!
Unknown command.
It was a potion of mutation.
You feel extremely strange.
Your skin no longer functions as natural camouflage.
You no longer feel heat resistant.
You feel vulnerable to heat.
Xom thinks this is hilarious!
You feel resistant to poisons.
You feel resistant to cold.
An orc comes into view. It is wielding a +0 dagger.
It was a potion of degeneration.
There was something very wrong with that liquid.
You feel weakened.
You feel dopey.
You feel clumsy.
You feel extremely strange.
You no longer feel vulnerable to heat.
You no longer feel cold resistant.
Your thinking seems confused.
A pair of antennae grows on your head!
Your +0 helmet falls away!
Large bone plates grow over parts of your arms.
As you read the scroll labelled YMYGE PEDOUS, it crumbles to dust.
The creatures around you are filled with an inner flame!
It was a scroll of immolation.
The orc hits you but does no damage.
You aren't carrying any potions.
You hit the orc but do no damage.
The orc looks weaker.
The orc hits you but does no damage. The orc attacks as it pursues you!
The orc hits you but does no damage.
The orc priest mumbles some strange prayers to Beogh against you.
Beogh smites you! The orc attacks as it pursues you! The orc barely misses you.
The orc attacks as it pursues you! The orc hits you but does no damage.
The orc attacks as it pursues you! The orc misses you.
The orc priest invokes the aid of Beogh against you.
Beogh smites you!
You die...
Xom chortles!

.##.÷......# ..) .#####.###.#
##.## .#####.###.##### #...#
........#......# #...#
######.#...###.# #...# ###
#####.###......# #...#...#
....##.#..#.##.#####o.......#
....#..............o....[....
.........#.)....@o...........
....#.#..#)###>.....(........
....#.##.......#####........#
#####......##### #...#...##
####.### #...##### #######.#
#...# ##.......# #...#
#..####### ## ...#♣.♣.♣#


You could see an orc priest (inner flame) and 2 orcs.

Vanquished Creatures
  An orc wizard (D:3)
  2 adders
  5 dart slugs
  3 orcs (D:3)
  6 bats
  3 endoplasms (D:2)
  3 giant cockroaches
  5 hobgoblins
  A kobold (D:1)
  3 quokkas
  2 ball pythons
  3 frilled lizards
  5 goblins
  6 rats
48 creatures vanquished.

Notes
Turn   | Place    | Note
-------+----------+-------------------------------------------
     0 | D:1      | spaghetti the Human Chaos Knight began the quest for the
                  | Orb.
     0 | D:1      | Reached XP level 1. HP: 18/18 MP: 1/1
   108 | D:1      | Reached skill level 1 in Stealth
   121 | D:1      | Reached XP level 2. HP: 19/24 MP: 2/2
   225 | D:1      | Reached skill level 2 in Stealth
   229 | D:1      | XOM: divination: detect items
   354 | D:1      | XOM: divination: detect creatures
   360 | D:1      | Found a faded altar of an unknown god.
   435 | D:1      | XOM: give mutations
   435 | D:1      | Gained mutation: Your flesh is heat resistant. (rF+) [Xom's
                  | grace]
   435 | D:1      | Gained mutation: You are somewhat resistant to further
                  | mutation. [Xom's grace]
   435 | D:1      | Gained mutation: You are robust. (+10% HP) [Xom's grace]
   547 | D:1      | XOM: give mutations
   547 | D:1      | Gained mutation: You possess an exceptional clarity of
                  | mind. [Xom's grace]
   547 | D:1      | Gained mutation: Your skin changes colour to match your
                  | surroundings (Stealth+). [Xom's grace]
   547 | D:1      | Lost mutation: You are somewhat resistant to further
                  | mutation. [Xom's grace]
   547 | D:1      | Gained mutation: You have hidden genetic potential. [Xom's
                  | grace]
   571 | D:1      | XOM: cloud trail
   606 | D:1      | XOM is BORED!
   606 | D:1      | XOM: summons 3 hostile shadow creatures
   754 | D:1      | Found a faded altar of an unknown god.
   755 | D:1      | XOM: give mutations
   755 | D:1      | Lost mutation: You have hidden genetic potential. [Xom's
                  | mischief]
   755 | D:1      | Lost mutation: You are robust. (+10% HP) [Xom's mischief]
   855 | D:2      | Reached XP level 3. HP: 29/29 MP: 3/3
   993 | D:2      | Reached skill level 3 in Stealth
  1122 | D:2      | XOM: noise
  1776 | D:3      | Reached XP level 4. HP: 35/35 MP: 4/4
  1795 | D:3      | Reached skill level 4 in Stealth
  1903 | D:3      | Found a shimmering blue altar of Sif Muna.
  2012 | D:3      | Lost mutation: Your skin changes colour to match your
                  | surroundings (Stealth+). [potion of mutation]
  2012 | D:3      | Lost mutation: Your flesh is heat resistant. (rF+) [potion
                  | of mutation]
  2012 | D:3      | Gained mutation: You are vulnerable to heat. (rF-) [potion
                  | of mutation]
  2012 | D:3      | Gained mutation: Your system is resistant to poisons.
                  | (rPois) [potion of mutation]
  2012 | D:3      | Gained mutation: Your flesh is cold resistant. (rC+)
                  | [potion of mutation]
  2014 | D:3      | Lost mutation: You are vulnerable to heat. (rF-) [potion of
                  | mutation]
  2014 | D:3      | Lost mutation: Your flesh is cold resistant. (rC+) [potion
                  | of mutation]
  2014 | D:3      | Lost mutation: You possess an exceptional clarity of mind.
                  | [potion of mutation]
  2014 | D:3      | Gained mutation: You have a pair of small antennae on your
                  | head. [potion of mutation]
  2014 | D:3      | Gained mutation: You are partially covered in large bone
                  | plates. (SH +4) [potion of mutation]
  2022 | D:3      | Killed from afar by an orc priest

Illustrated notes

Levels and vault maps discovered:
D:1:      spicycebolla_green_bress_n_ham_2, layout_loops_ring,
          hellmonk_ecumenical_altar_the_god_not_taken
D:2:      layout_basic, kennysheep_boxes
D:3:      layout_loops_cross, mainiacjoe_overflow_tiny_flanked,
          nicolae_sif_muna_little_library, lemuel_crystal_altar,
          okawaru_metal_pillars_1_2, nicolae_qazlal_beasts_of_the_sky,
          gammafunk_temple_overflow_claw, chequers_arboretum

Skill      XL: |  1  2  3  4 |
---------------+-------------+-----
Stealth        | 1 2 3 4 |  4.6
Fighting       | |  3.0
Short Blades   | |  3.0
Armour         | |  2.0
Dodging        | |  1.0

Action                     |  1- 3 |  4- 6 || total
---------------------------+-------+-------++-------
  Melee: Short sword       |   121 |    38 ||   159
    Use: Scroll            |     3 |     1 ||     4
         Potion            |     2 |     3 ||     5
   Stab: Sleeping          |    10 |     2 ||    12
 Armour: Leather armour    |    62 |    21 ||    83
  Dodge: Dodged            |    64 |    12 ||    76
